 Dungeon Crawl Stone Soup version 0.30-a0-953-g5f1da4a474 (webtiles) character file.

Game seed: 11810871520937541626

0 Aneyh the Ducker (level 1, -6/14 HPs)
             Began as a Tengu Monk on Mar 29, 2023.
             Mangled by Terence
             ... wielding a +0 falchion
              (8 damage)
             ... on level 2 of the Dungeon.
             The game lasted 00:00:43 (235 turns).

Aneyh the Ducker (Tengu Monk)                        Turns: 235, Time: 00:00:44

Health: -6/14      AC:  2    Str: 11    XL:     1   Next: 10%
Magic:  2/2        EV: 13    Int: 10    God:
Gold:   33         SH:  0    Dex: 16    Spells: 0/0 levels left

rFire   . . .      SeeInvis .    a - +0 hand axe
rCold   . . .      Faith    .    (no shield)
rNeg    . . .      Spirit   .    b - +0 robe
rPois   .          Reflect  .    (helmet restricted)
rElec   .          Rampage  .    (no cloak)
rCorr   .                        (no gloves)
Will    .....                    (boots unavailable)
Stlth   ++                       (no amulet)
HPRegen 0.22/turn                (no ring)
MPRegen 0.08/turn                (no ring)

@: no status effects
A: beak, talons 3
a: no special abilities


You were on level 2 of the Dungeon.
You visited 1 branch of the dungeon, and saw 2 of its levels.

You collected 33 gold pieces.

Inventory:

Hand Weapons
 a - a +0 hand axe (weapon)
Armour
 b - a +0 robe (worn)
Potions
 c - a potion of ambrosia


   Skills:
 + Level 3.0 Fighting
 - Level 3.2 Axes
 - Level 3.2 Dodging
 - Level 2.0 Stealth


You couldn't memorise any spells.
You didn't know any spells.
Your spell library was empty.

Dungeon Overview and Level Annotations

Branches:
Dungeon (1/15)

Altars:

Annotations:
D:2 Sigmund, Terence


Innate Abilities, Weirdness & Mutations

You have a beak for a mouth.
You have claws for feet.


Message History

Sigmund gestures at you while chanting. You resist with significant effort.
The endoplasm hits you. The endoplasm freezes you.
You are frozen.
Terence the Incautious comes into view.
He is wielding a +0 falchion.
Found a stone staircase leading down.
Terence shouts!
The endoplasm attacks as you move away! The endoplasm misses you.
The adder hisses angrily.
The endoplasm attacks as you move away! The endoplasm closely misses you.
A rat comes into view.
The endoplasm attacks as you move away! The endoplasm misses you.
Sigmund gestures wildly while chanting.
Sigmund flickers and vanishes!
Deactivating autopickup; reactivate with Ctrl-A.
The endoplasm attacks as you move away! The endoplasm barely misses you.
Found a stone staircase leading down.
The rat closely misses you.
You hit the rat.
The rat is heavily wounded.
You hit the endoplasm. The adder bites you but does no damage.
The rat bites you but does no damage. The endoplasm hits you.
You hit the rat but do no damage. Your kick misses the rat.
The rat is heavily wounded.
You barely miss the adder. You barely miss the endoplasm. The adder bites you.
* * * LOW HITPOINT WARNING * * *
The endoplasm misses you. Something barely misses you.
The rat barely misses you.
You hit the rat.
You kill the rat!
You hit the adder. You hit the endoplasm but do no damage.
The adder barely misses you. The endoplasm freezes you.
You are frozen.
* * * LOW HITPOINT WARNING * * *
The adder bites you but does no damage.
You see here a rat corpse.
The adder attacks as you move away! The adder barely misses you.
Terence attacks as you move away! Terence hits you with a +0 falchion!
Ouch! That really hurt!
You die...

..............#.##.#.....
.............#.......#..
##........##.##.##.#..
#...#######....##.#..
#...# #..####.### #...#
#..####.# #..J# #.......#
#..S########.######
##.@@......#......###
#########>######....
#####


You could see Terence, an adder and an endoplasm.

Vanquished Creatures
  A rat (D:2)
1 creature vanquished.

Notes
Turn   | Place    | Note
-------+----------+-------------------------------------------
     0 | D:1      | Aneyh the Tengu Monk began the quest for the Orb.
     0 | D:1      | Reached XP level 1. HP: 14/14 MP: 2/2
    46 | D:1      | You fall into a shaft and drop 1 floor!
   179 | D:2      | Noticed Sigmund
   223 | D:2      | Noticed Terence
   235 | D:2      | Mangled by Terence

Illustrated notes

Levels and vault maps discovered:
D:1:      saegor_arrival_under_anarchy, layout_basic,
          ebering_ecumenical_altar_hall, serial_shops, nicolae_shop_waterfront
D:2:      kennysheep_the_goblin_king, layout_loops_cross, basic_altar,
          serial_bayou_pond_a, uniq_terence, uniq_sigmund

Action                     || total
---------------------------++-------
  Melee: Hand axe          ||     3
 Armour: Robe              ||     3
  Dodge: Dodged            ||    10

Table legend: (Time is in decaauts)
 A = Elapsed time spent in this place.
 B = Non-inter-level travel time spent in this place.
 C = Inter-level travel time spent in this place.
 D = Time resting spent in this place.
 E = Time spent auto-exploring this place.
 F = Levels seen in this place.
 G = Mean time per level.
                   A        B        C        D        E       F      G
               +--------+--------+--------+--------+--------+-----+--------+
         Total |    235 |    235 |      0 |      0 |    175 |   2 |  117.5 |
       Dungeon |    235 |    235 |      0 |      0 |    175 |   2 |  117.5 |
               +--------+--------+--------+--------+--------+-----+--------+

Top non-repeatable levels by time:
     D:2: 189 daAuts
     D:1: 46 daAuts
